 Dungeon Crawl Stone Soup version 0.19.1-1-g22dce08 (webtiles) character file.

742 Megalobster the Conjurer (level 7, -5/36 HPs)
             Began as a Deep Elf Conjurer on Jan 14, 2017.
             Slain by Edmund
             ... wielding a +0 dire flail of venom
              (6 damage)
             ... on level 5 of the Dungeon.
             The game lasted 00:24:30 (4832 turns).

Megalobster the Conjurer (Deep Elf Conjurer)        Turns: 4832, Time: 00:24:33

Health: -5/36      AC:  3    Str:  5    XL:     7   Next: 47%
Magic:  0/17       EV: 13    Int: 22    God:
Gold:   161        SH:  0    Dex: 15    Spells: 4 memorised, 4 levels left

rFire  . . .     SeeInvis .     f - +0 spear (curse)
rCold  . . .     Gourm    .     u - +0 robe
rNeg   . . .     Faith    .     (no shield)
rPois  .         Spirit   .     (no helmet)
rElec  .         Reflect  .     y - +0 cloak
rCorr  +         Harm     .     (no gloves)
MR     .....                    (no boots)
Stlth  ++........               o - amulet of regeneration
                                (no ring)
                                w - ring of resist corrosion

@: lethally poisoned (-5 -> -5)
A: no striking features
a: no special abilities


You were on level 5 of the Dungeon.
You were not hungry.

You visited 2 branches of the dungeon, and saw 6 of its levels.

You collected 161 gold pieces.

Inventory:

Hand Weapons
 d - a +0 scythe
 e - a +0 dagger
 f - a cursed +0 spear (weapon)
 h - a cursed +0 dagger
 n - a +2 short sword of speed
 t - a +0 dagger
 v - a +4 quarterstaff of chaos
Armour
 u - a +0 robe (worn)
 y - a +0 cloak (worn)
Jewellery
 o - an amulet of regeneration (around neck)
 w - a ring of resist corrosion (left hand)
Wands
 D - a wand of flame (22/48)
 F - a wand of confusion (9/48)
Scrolls
 i - 3 scrolls of identify {unknown}
 m - 2 scrolls of blinking {unknown}
 q - 3 scrolls of teleportation {unknown}
 s - 2 scrolls of immolation {unknown}
 B - a scroll of fog {unknown}
 E - a scroll of remove curse {unknown}
Potions
 a - a potion of brilliance {unknown}
 g - 2 potions of might {unknown}
 j - 3 potions of curing {unknown}
 k - a potion of flight {unknown}
 l - 3 potions of heal wounds {unknown}
 r - a potion of ambrosia {unknown}
 z - a potion of agility
 C - a potion of invisibility {unknown}
Books
 b - a book of Conjurations

   Spells                             Type                      Level
   a - Magic Dart                     Conjuration                  1
   b - Searing Ray                    Conjuration                  2
   c - Dazzling Spray                 Conjuration/Hexes            3
   d - Fulminant Prism                Conjuration/Hexes            4
   e - Iskenderun's Mystic Blast      Conjuration                  4
   f - Iskenderun's Battlesphere      Conjuration/Charms           5
Comestibles
 c - 3 bread rations
 p - 4 meat rations
 x - 10 fruits


   Skills:
 - Level 2.4 Dodging
 - Level 2.4 Stealth
 - Level 5.4 Spellcasting
 + Level 7.6 Conjurations
 * Level 6.8 Charms


You had 4 spell levels left.
You knew the following spells:

 Your Spells              Type           Power        Failure   Level  Hunger
a - Magic Dart            Conj           ####         1%          1    None
b - Searing Ray           Conj           #####.       1%          2    None
c - Iskenderun's Battles  Conj/Chrm      #####...     14%         5    #####..
d - Iskenderun's Mystic   Conj           #####...     4%          4    ####...


Dungeon Overview and Level Annotations

Branches:
Dungeon (5/15)             Temple (1/1) D:5

Altars:
Ashenzari
Cheibriados
Dithmenos
Elyvilon
Gozag
Hepliaklqana
Kikubaaqudgha
Makhleb
Nemelex Xobeh
Okawaru
Qazlal
Ru
Sif Muna
Trog
Uskayaw
Yredelemnul
The Shining One

Shops:
D:4 [

Annotations:
D:5 Edmund


Message History

Aim: Edmund, wielding a dire flail of venom and wearing a shiny chain mail (moderately wounded, unusually agile)
The searing ray hits Edmund.
Edmund is heavily wounded.
The searing ray hits Edmund.
Edmund is heavily wounded.
You feel sick.
Edmund hits you with a dire flail of venom!
* * * LOW HITPOINT WARNING * * *
The searing ray hits Edmund.
Edmund is heavily wounded.
Edmund hits you with a dire flail of venom.
* * * LOW HITPOINT WARNING * * *
You are more poisoned.
The searing ray hits Edmund.
Edmund is heavily wounded.
You finish channeling your searing ray.
* * * LOW HITPOINT WARNING * * *
You feel sick.
Edmund hits you with a dire flail of venom.
You die...

#### ..# #^# #####.########
#################.............
..............)@@.###.########
################### #.#
#######.# ........#
######..######## #.>........#
#.......##.# #.#.###.##>#
#.#.# #.##.#


You could see Edmund.

Vanquished Creatures
  Sigmund (D:2)
  A centaur (D:5)
  A scorpion (D:4)
  2 bullfrog zombies
  2 hounds (D:4)
  Jessica (D:2)
  Crazy Yiuf (D:2)
  An iguana (D:5)
  Natasha (twice) (D:3)
  A worker ant (D:4)
  7 gnolls (D:4)
  An adder (D:4)
  A howler monkey skeleton (D:4)
  2 oozes
  2 worms
  3 orcs
  11 bats
  5 giant cockroaches
  6 goblins
  6 hobgoblins
  3 jackals (D:4)
  4 quokkas
  3 ball pythons (D:1)
  9 frilled lizards
  9 kobolds
  A leopard gecko skeleton (D:4)
  8 rats
94 creatures vanquished.

Notes
Turn   | Place    | Note
-------+----------+-------------------------------------------
     0 | D:1      | Megalobster the Deep Elf Conjurer began the quest for the Orb.
     0 | D:1      | Reached XP level 1. HP: 10/10 MP: 6/6
   185 | D:1      | Reached XP level 2. HP: 15/15 MP: 5/8
   193 | D:1      | Learned a level 2 spell: Searing Ray
   493 | D:1      | Reached skill level 5 in Conjurations
  1054 | D:2      | Reached XP level 3. HP: 19/19 MP: 7/10
  1154 | D:2      | Noticed Sigmund
  1159 | D:2      | Killed Sigmund
  1159 | D:2      | Reached skill level 5 in Spellcasting
  1159 | D:2      | Reached skill level 6 in Conjurations
  1159 | D:2      | Reached XP level 4. HP: 14/24 MP: 3/13
  1159 | D:2      | Reached XP level 5. HP: 16/28 MP: 3/14
  1391 | D:2      | Learned a level 5 spell: Iskenderun's Battlesphere
  1396 | D:2      | Learned a level 4 spell: Iskenderun's Mystic Blast
  1582 | D:2      | Noticed Jessica
  1585 | D:2      | Killed Jessica
  1585 | D:2      | Reached skill level 1 in Charms
  1633 | D:2      | Found a runed door.
  1691 | D:2      | Noticed Crazy Yiuf
  1695 | D:2      | Killed Crazy Yiuf
  2336 | D:3      | Reached XP level 6. HP: 24/32 MP: 10/16
  2517 | D:3      | Found a faded altar of an unknown god.
  2517 | D:3      | Found a faded altar of an unknown god.
  2524 | D:3      | Found a faded altar of an unknown god.
  2527 | D:3      | Found a hazy altar of Hepliaklqana.
  2528 | D:3      | Found a faded altar of an unknown god.
  2630 | D:3      | Noticed Natasha
  2633 | D:3      | Killed Natasha
  2862 | D:3      | Noticed Natasha
  2865 | D:3      | Killed Natasha
  3146 | D:4      | Reached skill level 7 in Conjurations
  3605 | D:4      | Found Teiss's Antique Armour Shoppe.
  3685 | D:4      | Reached skill level 5 in Charms
  3685 | D:4      | Reached XP level 7. HP: 36/36 MP: 13/17
  3993 | D:4      | Found a hazy altar of Hepliaklqana.
  4383 | D:5      | Entered Level 5 of the Dungeon
  4514 | D:5      | Found a staircase to the Ecumenical Temple.
  4521 | Temple   | Entered the Ecumenical Temple
  4800 | D:5      | Noticed Edmund
  4832 | D:5      | HP: 1/36 [poisoned by Edmund]
  4832 | D:5      | Slain by Edmund

Skill      XL: |  1  2  3  4  5  6  7 |
---------------+----------------------+-----
Conjurations   | 5 6 7 |  7.6
Spellcasting   | 5 |  5.4
Charms         | 2 5 6 |  6.8
Dodging        | |  2.4
Stealth        | |  2.4

Action                   |  1- 3 |  4- 6 |  7- 9 || total
-------------------------+-------+-------+-------++-------
Melee: Unarmed           |     2 |       |       ||     2
 Cast: Magic Dart        |    46 |    67 |    22 ||   135
       Searing Ray       |     1 |    20 |    11 ||    32
       Iskenderun's Myst |       |       |     1 ||     1
       Iskenderun's Batt |       |       |     1 ||     1
  Eat: Chunk             |     1 |     7 |     3 ||    11
       Bread ration      |       |       |     1 ||     1
Armor: Robe              |     2 |     1 |     4 ||     7
Dodge: Dodged            |     6 |    11 |    11 ||    28
